AoeStats
← Element

Fortress

509917156Analyzed
4v4 RM · 3d ago on Sep 28, 2026· 37m 13s· 8 players
Game mode
Random Map
Map size
Huge
Population
200
Speed
Normal
Resources
Standard
Victory
Conquest
Starting age
Dark Age
Ending age
Imperial Age
RankedLock teamsTeams togetherTeam positionsShared explorationLock speedFull tech treeHidden civsTurbo modeCheats
Victory
Defeat
🇩🇪 Mongols · Germany
1445
+13
🇧🇪 Japanese · Belgium
1444
+13
🇹🇷 Huns · Türkiye
1400
+15
🇫🇷 Saracens · France
1294
+18
🇨🇦 Burmese · Canada
1441
-18
🇮🇳 Burgundians · India
1366
-15
🇦🇷 Berbers · Argentina
1335
-13
🇦🇷 Turks · Argentina
1334
-13
Element
7:57 Feudal Age
9:23 Feudal Age
13:04 Castle Age
12:49 Double-Bit Axe
16:15 Imperial Age
13:55 Double-Bit Axe
24:24 Conscription
29:51 Loom
30:42 Wheelbarrow
29:53 Town Watch
31:41 Heavy Camel Rider
32:23 Husbandry
32:34 Bloodlines
32:38 Forging
32:33 Scale Barding Armor
34:10 Scale Barding Armor
35:28 Chain Barding Armor
35:43 Iron Casting
36:30 Murder Holes
Vinci_PL
8:03 Feudal Age
11:39 Castle Age
9:39 Double-Bit Axe
9:50 Horse Collar
10:52 Gold Mining
15:35 Wheelbarrow
15:12 Bow Saw
19:34 Heavy Plow
20:50 Fletching
21:35 Hand Cart
21:05 Loom
22:05 Bodkin Arrow
22:14 Kasbah
22:57 Padded Archer Armor
24:14 Leather Archer Armor
25:31 Bloodlines
25:21 Husbandry
25:35 Thumb Ring
31:14 Ballistics
31:07 Fortified Wall
31:07 Scale Barding Armor
34:10 Forging
37:19 Imperial Age
35:47 Chain Barding Armor
36:02 Iron Casting
FreakinGorkha
2:17 Double-Bit Axe
2:36 Horse Collar
7:57 Feudal Age
11:38 Castle Age
10:09 Bow Saw
10:39 Town Watch
10:58 Heavy Plow
18:37 Wheelbarrow
20:51 Gold Mining
25:37 Imperial Age
23:34 Fletching
23:27 Treadmill Crane
24:32 Bodkin Arrow
24:58 Ballistics
25:24 Padded Archer Armor
27:21 Chemistry
26:22 Bracer
27:50 Leather Archer Armor
28:03 Hand Cart
TheWolf
7:51 Feudal Age
12:18 Castle Age
11:13 Horse Collar
19:38 Wheelbarrow
18:48 Loom
18:49 Town Watch
25:06 Imperial Age
23:53 Hand Cart
23:38 Town Patrol
24:38 Forging
24:34 Scale Barding Armor
25:20 Elite Battle Elephant
28:09 Iron Casting
28:18 Chain Barding Armor
30:35 Plate Barding Armor
32:21 Howdah
32:42 Conscription
34:44 Fletching
35:26 Pikeman
36:33 Scale Mail Armor
37:33 Blast Furnace
mylove__
7:51 Feudal Age
11:46 Castle Age
9:41 Double-Bit Axe
9:58 Horse Collar
14:31 Bow Saw
16:24 Heavy Plow
19:35 Gold Mining
21:45 Wheelbarrow
22:05 Wheelbarrow
21:37 Loom
25:03 Imperial Age
22:53 Scale Barding Armor
23:28 Forging
23:33 Bloodlines
23:59 Chain Barding Armor
23:51 Marauders
24:01 Husbandry
25:11 Iron Casting
28:04 Plate Barding Armor
28:35 Blast Furnace
28:09 Conscription
27:57 Elite Tarkan
29:11 Town Watch
MenuMaxiBestOf+
7:14 Feudal Age
10:42 Castle Age
8:51 Double-Bit Axe
9:25 Horse Collar
14:53 Loom
19:42 Wheelbarrow
20:41 Bow Saw
20:31 Heavy Plow
20:51 Gold Mining
20:52 Stone Mining
23:40 Gold Shaft Mining
25:46 Imperial Age
23:55 Forging
23:45 Scale Mail Armor
24:42 Hand Cart
25:27 Iron Casting
25:36 Chain Mail Armor
25:29 Scale Barding Armor
25:38 Husbandry
25:48 Bloodlines
25:00 Light Cavalry
27:46 Blast Furnace
26:08 Elite Mameluke
28:06 Chemistry
29:08 Plate Mail Armor
28:58 Chain Barding Armor
28:29 Hussar
36:10 Plate Barding Armor
37:49 Conscription
软脚虾3号
6:16 Feudal Age
10:34 Castle Age
8:51 Double-Bit Axe
9:08 Horse Collar
11:39 Bow Saw
13:15 Heavy Plow
16:58 Fletching
18:08 Bodkin Arrow
19:04 Padded Archer Armor
19:40 Ballistics
19:41 Bloodlines
20:05 Leather Archer Armor
20:20 Loom
20:51 Husbandry
22:30 Thumb Ring
[LegendB] deadboi
7:54 Feudal Age
8:41 Double-Bit Axe
11:49 Castle Age
10:07 Horse Collar
12:40 Heavy Plow
12:51 Bow Saw
15:35 Loom
18:25 Wheelbarrow
21:07 Hand Cart
20:46 Gold Mining
24:28 Imperial Age
22:34 Fletching
22:44 Scale Mail Armor
22:55 Forging
22:49 Scale Mail Armor
22:12 Pikeman
22:53 Squires
22:38 Arson
22:53 Guard Tower
23:20 Treadmill Crane
24:14 Yasama
24:17 Murder Holes
24:46 Bodkin Arrow
25:06 Chain Mail Armor
25:19 Ballistics
24:55 Town Watch
26:12 Chemistry
25:51 Keep
25:50 Conscription
25:33 Bracer
26:56 Chain Mail Armor
26:34 Arrowslits
26:40 Halberdier
28:21 Kataparuto
29:36 Plate Mail Armor
29:16 Forging
31:07 Masonry
33:11 Iron Casting
36:36 Blast Furnace
36:08 Siege Engineers
Connection lost

Rejoining the realm…

Still unreachable

The connection could not be restored.

Session expired

The server has moved on; the page needs a fresh start.